 Dungeon Crawl Stone Soup version 0.29.0-4-gdea44cf6ec (webtiles) character file.

Game seed: 11417699955599707381

40 qw the Chopper (level 3, 0/29 HPs)
             Began as a Barachi Chaos Knight on Sept 7, 2022.
             Slain by a quasit (1 damage)
             ... summoned by Xom
             ... on level 2 of the Dungeon.
             The game lasted 00:00:37 (1148 turns).

qw the Chopper (Barachi Chaos Knight)               Turns: 1148, Time: 00:00:37

Health: 0/29       AC:  6    Str: 14 (15) XL:     3   Next: 50%
Magic:  3/3        EV: 10    Int: 11 (12) God:
Gold:   31         SH:  0    Dex: 11      Spells: 2/2 levels left

rFire   . . .      SeeInvis .   Y - +1 hand axe (chaos)
rCold   . . .      Faith    .   (no shield)
rNeg    . . .      Spirit   .   d - +0 ring mail
rPois   .          Reflect  .   (no helmet)
rElec   .          Harm     .   (no cloak)
rCorr   .          Rampage  .   (no gloves)
Will    .....                   l - +0 pair of boots
Stlth   ..........              (no amulet)
HPRegen 0.09/turn               (no ring)
MPRegen 0.08/turn               (no ring)

@: on fire, glowing, slow
A: amphibious, slowness 1, strong legs 1, +LOS
a: Hop


You were on level 2 of the Dungeon.
You visited 1 branch of the dungeon, and saw 2 of its levels.

You collected 31 gold pieces.


Innate Abilities, Weirdness & Mutations

You are amphibious.
You cover ground slowly.
You can hop short distances.
You have an extended range of vision and can be seen from far away.


   Skills:
 - Level 3.6 Fighting
 + Level 4.9 Axes
 - Level 2.4 Armour
 - Level 1.1 Dodging


You had 2 spell levels left.
You didn't know any spells.
Your spell library was empty.

Inventory:

Hand Weapons
 f - a +0 whip
 Y - a +1 hand axe of chaos (weapon)
Armour
 d - a +0 ring mail (worn)
 l - a +0 pair of boots (worn)
Scrolls
 a - 3 scrolls of identify
Potions
 b - a potion of curing {unknown}
 h - a potion of resistance
Miscellaneous
 c - a piece from Xom's chessboard (15/15)

Dungeon Overview and Level Annotations

Branches:
Dungeon (2/15)

Altars:


Message History

The smoke demon hits you but does no damage. x2
The smoke demon misses you.
You hit the smoke demon. You freeze the smoke demon.
The smoke demon is moderately wounded.
You hit the quasit. You hit the ufetubus. You burn the ufetubus.
You kill the ufetubus!
The ufetubus disappears in a puff of smoke!
You hit the quasit but do no damage. Lightning courses through the quasit!
You kill the quasit!
The quasit disappears in a puff of smoke!
You hit the hellwing but do no damage.
The hellwing resists with almost no effort.
You hit the iron imp but do no damage. The iron imp closely misses you.
The quasit closely misses you. The quasit barely misses you.
The quasit closely misses you. The smoke demon gestures at you.
The sticky flame hits you!
You are covered in liquid flames!
The hellwing hits you! The hellwing closely misses you.
You hit the smoke demon but do no damage.
The smoke demon seems to grow stronger.
The smoke demon is moderately wounded.
You hit the iron imp but do no damage. You barely miss the quasit.
You miss the quasit. You hit the hellwing but do no damage.
The hellwing appears confused.
You are covered in liquid flames!
The quasit bites you but does no damage.
The quasit claws you but does no damage.
The quasit barely misses you. The quasit closely misses you.
The quasit claws you but does no damage.
The quasit closely misses you. The iron imp hits you.
The quasit bites you but does no damage.
The quasit barely misses you.
The quasit claws you but does no damage.
The smoke demon gestures at you. The sticky flame hits you.
You are covered in liquid flames!
The quasit bites you.
You die... "Huh?
Did I miss anything?"

##########.....#.##.##.##
##.# #.##..#.......# #.#
#.##.....#.##.#####..
#.##.###.#.##........
###.##.# #.#.##.##P####
#......# #.#.##......P.
#.###..# #.#..#.P..P...
#. #.5###.#........... #
#3@5##.#.#%........
#.....45.#.#.##.#......
.............#.##.#......
#####..........##%#.#####
#..........##........
##$....#....####.####
...........# #.....
............# ######
..........###


You could see a hellwing (summoned, confused), a smoke demon (summoned, strong),
an iron imp (summoned) and 2 quasits.

Vanquished Creatures
  A dart slug (D:1)
  3 ball pythons
  5 endoplasms
  3 goblins (D:1)
  3 hobgoblins (D:1)
  2 jackals (D:1)
  2 quokkas (D:1)
  6 bats (D:1)
  2 kobolds (D:1)
  6 rats
33 creatures vanquished.

Vanquished Creatures (others)
  A plant (D:2)
1 creature vanquished.

Grand Total: 34 creatures vanquished

Notes
Turn   | Place    | Note
-------+----------+-------------------------------------------
     0 | D:1      | qw the Barachi Chaos Knight began the quest for the Orb.
     0 | D:1      | Reached XP level 1. HP: 18/18 MP: 1/1
     0 | D:1      | 0 ||| qw: Version: 0.1-a-108-g9e35731
     0 | D:1      | 0 ||| qw: Game counter: 6560
     0 | D:1      | 0 ||| qw: Always use a shield: true
     0 | D:1      | 0 ||| qw: God list: Okawaru
     0 | D:1      | 0 ||| qw: Allow faded altars: false
     0 | D:1      | 0 ||| qw: Do Orc after D:15 true
     0 | D:1      | 0 ||| qw: Do second Lair branch before Depths: true
     0 | D:1      | 0 ||| qw: Lair rune preference: random
     0 | D:1      | 0 ||| qw: Plans: Normal
     0 | D:1      | 0 ||| PLANNING D:1-11
     0 | D:1      | Fell from the grace of Xom
   106 | D:1      | Reached XP level 2. HP: 24/24 MP: 2/2
   175 | D:1      | XOM: stat loss: -1 Str (12/13)
   194 | D:1      | 194 ||| Stepping ~*~*~tactically~*~*~ (stealth).
   195 | D:1      | 195 ||| Stepping ~*~*~tactically~*~*~ (stealth).
   197 | D:1      | 197 ||| Stepping ~*~*~tactically~*~*~ (hiding).
   211 | D:1      | Reached skill level 4 in Axes
   645 | D:1      | Reached XP level 3. HP: 28/29 MP: 3/3
   868 | D:1      | 868 ||| UPGRADING to +0 ring mail.
   878 | D:1      | 878 ||| DROPPING +2 leather armour.
   879 | D:1      | 879 ||| UPGRADING to +0 pair of boots.
   884 | D:1      | 884 ||| READING 3 scrolls labelled BIKISY HIRY.
   885 | D:1      | 885 ||| READING scroll labelled YGAITYPHID.
   886 | D:1      | 886 ||| READING scroll labelled JAOSOI LOXARI.
   987 | D:1      | 987 ||| READING scroll labelled JAALEI ESIHI.
   988 | D:1      | 988 ||| DRINKING 2 fizzy orange potions.
   989 | D:1      | 989 ||| READING 2 scrolls of identify.
   989 | D:1      | 989 ||| IDENTIFYING lumpy amethyst potion
   990 | D:1      | 990 ||| DROPPING potion of berserk rage.
  1085 | D:2      | XOM: stat loss: -2 Int (10/12)
  1144 | D:2      | XOM: summons 7 hostile demons
  1145 | D:2      | Noticed a smoke demon
  1145 | D:2      | Noticed a hellwing
  1148 | D:2      | HP: 5/29 [burnt (6)]
  1148 | D:2      | HP: 1/29 [smoke demon/sticky flame[Xom] (2)]
  1148 | D:2      | Slain by a quasit

Levels and vault maps discovered:
D:1:      psy_arrival_fountain, layout_rooms, nrook_mini_backslash,
          minmay_indecisive_spiral
D:2:      cheibrodos_old_hovel, layout_loops_ring,
          shapermc_ecumenical_altar_venn, hangedman_decor_clover_reticule,
          uniq_natasha

Skill      XL: |  1  2 |
---------------+-------+-----
Axes           | 4 |  4.9
Fighting       | |  3.6
Armour         | |  2.4
Dodging        | |  1.1

Action                   || total
-------------------------++-------
Melee: Hand axe          ||    97
       Punch             ||     3
Invok: Renounce Religion ||     1
  Use: Scroll            ||     5
       Potion            ||     1
Armor: Leather armour    ||    49
       Ring mail         ||    10
Dodge: Dodged            ||    72

Table legend:
 A = Non-vault XP
 B = Vault XP
 C = Vault XP percentage of total XP
 D = Non-vault monster count
 E = Vault monster count
 F = Vault count percentage of total count
                 A         B        C        D         E       F
            +---------+---------+-------+---------+---------+-------
      Total |      50 |       8 |  13.8 |      28 |       5 |  15.2
            +---------+---------+-------+---------+---------+-------
        D:1 |      41 |       7 |  14.6 |      23 |       4 |  14.8
        D:2 |       9 |       1 |  10.0 |       5 |       1 |  16.7
            +---------+---------+-------+---------+---------+-------
